 Dungeon Crawl Stone Soup version 0.29-a0-887-gcbe080d7e0 (webtiles) character file.

Game seed: 16997902351990487916

7 IdlyInterested the Charlatan (level 1, -1/16 HPs)
             Began as a Demonspawn Wanderer on July 21, 2022.
             Slain by a ball python (2 damage)
             ... on level 1 of the Dungeon.
             The game lasted 00:01:12 (118 turns).

IdlyInterested the Charlatan (Demonspawn Wanderer)   Turns: 118, Time: 00:01:13

Health: -1/16      AC:  3    Str: 11    XL:     1   Next: 91%
Magic:  0/2        EV: 11    Int: 14    God:
Gold:   0          SH:  0    Dex: 12    Spells: 1/2 levels left

rFire   . . .      SeeInvis .   a - +0 dagger
rCold   . . .      Faith    .   (no shield)
rNeg    . . .      Spirit   .   d - +0 robe
rPois   .          Reflect  .   (no helmet)
rElec   .          Harm     .   b - +0 cloak
rCorr   .          Rampage  .   (no gloves)
Will    .....                   (no boots)
Stlth   ++........              (no amulet)
HPRegen 0.05/turn               (no ring)
MPRegen 0.08/turn               (no ring)

@: no status effects
A: no striking features
a: no special abilities


You were on level 1 of the Dungeon.
You visited 1 branch of the dungeon, and saw 1 of its levels.

Inventory:

Hand Weapons
 a - a +0 dagger (weapon)
Armour
 b - a +0 cloak (worn)
 d - a +0 robe (worn)
Potions
 c - a potion of heal wounds
 f - a potion of lignification {unknown}
Miscellaneous
 e - a lightning rod (4/4)


   Skills:
 + Level 2.1 Fighting
 + Level 2.8 Stealth
 * Level 1.4 Spellcasting
 - Level 1.1 Necromancy
 - Level 3.0 Evocations


You had one spell level left.
You knew the following spells:

 Your Spells              Type           Power      Damage    Failure   Level
a - Necrotise             Necr           16%        1d4       16%         1

Your spell library contained the following spells:

 Spells                   Type           Power      Damage    Failure   Level
 Vampiric Draining        Necr           4%         2d6       43%         3


Dungeon Overview and Level Annotations

Branches:
Dungeon (1/15)

Altars:


Message History

You barely miss the ball python.
The ball python bites you but does no damage.
The ball python grabs you. The ball python constricts you.
A bat comes into view.
The ball python closely misses you. The ball python constricts you.
The goblin closely misses you.
You hit the ball python.
You kill the ball python!
The goblin hits you with a +0 dagger.
You closely miss the rat. The rat closely misses you.
The goblin hits you with a +0 dagger.
You hit the goblin.
The goblin is moderately wounded.
The rat barely misses you. The goblin hits you with a +0 dagger.
* * * LOW HITPOINT WARNING * * *
You hit the goblin.
The goblin is severely wounded.
The goblin misses you. The rat bites you.
* * * LOW HITPOINT WARNING * * *
You hit the goblin.
You kill the goblin!
The bat hits you but does no damage. The rat bites you but does no damage.
Your magical contamination has completely faded away.
Unknown command.
You hit the bat.
The bat is severely wounded.
The bat hits you but does no damage. The rat bites you but does no damage.
The bat closely misses you.
You closely miss the bat.
The bat is severely wounded.
The bat barely misses you. The ball python completely misses you.
The ball python closely misses you.
The ball python bites you but does no damage.
The ball python barely misses you. The rat misses you.
You completely miss the bat.
The bat is severely wounded.
The bat hits you.
* * * LOW HITPOINT WARNING * * *
The ball python bites you.
You die...

##......##................##
........#####.......(........
######.######................
....##....##............S....
####.#..#.##.#.#.......>..#..
≈8≈8.#............###..#### #
≈≈≈≈.........#.#..# ##.#
≈8≈8.#†.........b##.....
####.#..#......#@SK......
.##..#......##r...$.... # ##
#....###### ....... ...##
....... #### ....... .......
.(..... #......


You could see a bat, a ball python, a kobold and a rat.

Vanquished Creatures
  A goblin (D:1)
  A hobgoblin (D:1)
  4 ball pythons (D:1)
6 creatures vanquished.

Vanquished Creatures (collateral kills)
  A frilled lizard (D:1)
1 creature vanquished.

Grand Total: 7 creatures vanquished

Notes
Turn   | Place    | Note
-------+----------+-------------------------------------------
     0 | D:1      | IdlyInterested the Demonspawn Wanderer began the quest for
                  | the Orb.
     0 | D:1      | IdlyInterested set off with the following items: a +0
                  | dagger, a +0 cloak, a potion of heal wounds, a +0 robe, a
                  | lightning rod (4/4); and the following spell memorised:
                  | Necrotise; and the following spells available to memorise:
                  | Vampiric Draining.
     0 | D:1      | Reached XP level 1. HP: 16/16 MP: 2/2
   118 | D:1      | Slain by a ball python

Illustrated notes

Levels and vault maps discovered:
D:1:      lightli_arrival_statue_moat, layout_rooms, serial_glass,
          glass_columns_a, glass_columns_a

Action                   || total
-------------------------++-------
Melee: Dagger            ||    16
 Cast: Necrotise         ||     3
Armor: Robe              ||    12
Dodge: Dodged            ||    15

Table legend: (Time is in decaauts)
 A = Elapsed time spent in this place.
 B = Non-inter-level travel time spent in this place.
 C = Inter-level travel time spent in this place.
 D = Time resting spent in this place.
 E = Time spent auto-exploring this place.
 F = Levels seen in this place.
 G = Mean time per level.
                   A        B        C        D        E       F      G
               +--------+--------+--------+--------+--------+-----+--------+
         Total |    118 |    118 |      0 |      0 |     76 |   1 |  118.0 |
       Dungeon |    118 |    118 |      0 |      0 |     76 |   1 |  118.0 |
               +--------+--------+--------+--------+--------+-----+--------+

Top non-repeatable levels by time:
     D:1: 118 daAuts
